Map: Ephemeron LE

Players

Kas

  • Race: Terran Terran
  • Spawn Location: 5:00

Future - Winner!

  • Race: Terran Terran
  • Spawn Location: 11:00

Event: NationWars 2019

VOD

Have the link to the VOD?

Description

Time

  • Played on: Nov. 12, 2019, 12:01 p.m.
  • Length: 13:01
Show
View Real Time Build Order
Export as new Build Order

Kas Terran 

Build Orders:  

Get SALT Encoding   

  12  0:01  SCV  
  13  0:13  SCV  
  14  0:17  Supply Depot  
  14  0:25  SCV  
  15  0:29  Refinery  
  15  0:39  SCV  
  16  0:46  Barracks  
  16  0:51  SCV  
  16  0:56  Refinery  
  17  1:03  SCV  
  18  1:15  SCV  
  19  1:32  Orbital Command  
  19  1:34  Factory  
  19  1:35  Reaper  
  20  1:44  Supply Depot  
  20  1:58  SCV  
  21  2:07  Reaper  
  22  2:10  SCV  
  23  2:18  Hellion  
  23  2:22  SCV  
  26  2:30  Command Center  
  26  2:34  SCV  
  27  2:41  Starport  
  27  2:45  Factory Tech Lab  
  27  2:46  SCV  
  27  2:49  Barracks Tech Lab  
  28  2:54  Supply Depot  
  28  3:04  Cyclone  
  31  3:16  SCV  
  32  3:22  Refinery  
  32  3:28  SCV  
  33  3:34  Raven  
  33  3:36  Barracks Reactor  
  33  3:40  SCV  
  36  3:43  Orbital Command  
  36  3:52  SCV  
  37  3:57  Siege Tank  
  40  4:04  SCV  
  40  4:09  SCV  
  42  4:12  Command Center  
  42  4:14  Marine  
  42  4:15  Marine  
  44  4:21  Raven  
  44  4:23  SCV x2  
  48  4:28  Supply Depot  
  48  4:34  Marine x2  
  48  4:35  SCV  
  48  4:37  SCV  
  52  4:44  Supply Depot  
  52  4:48  SCV  
  52  4:49  SCV  
  54  4:54  Marine x2  
  54  4:58  Siege Tank  
  59  5:00  SCV  
  59  5:01  SCV  
  61  5:12  Engineering Bay, SCV  
  61  5:13  SCV  
  63  5:16  Viking x2  
  63  5:19  Marine  
  63  5:20  Stimpack  
  68  5:24  SCV  
  68  5:26  Orbital Command  
  68  5:27  SCV  
  70  5:34  Siege Tank  
  73  5:36  SCV  
  73  5:40  Terran Infantry Weapons Level 1  
  73  5:41  Engineering Bay  
  73  5:42  SCV  
  75  5:49  Viking  
  75  5:51  Marine  
  75  5:55  SCV  
  77  5:58  Refinery  
  77  5:59  Supply Depot  
  77  6:02  SCV  
  77  6:03  Orbital Command  
  78  6:07  SCV  
  78  6:08  Siege Tank, Marine, Supply Depot  
  83  6:13  Terran Infantry Armor Level 1  
  83  6:14  SCV  
  83  6:19  SCV  
  83  6:20  Viking  
  86  6:27  Marine  
  86  6:29  SCV x2  
  89  6:35  Barracks, SCV  
  89  6:36  Barracks  
  89  6:37  Barracks x2  
  90  6:41  SCV x2  
  92  6:47  Viking, Marine  
  92  6:50  Viking  
  92  6:51  SCV  
  92  6:53  SCV  
  97  6:54  Supply Depot  
  94  7:08  SCV x2  
  94  7:10  SCV  
  94  7:11  Marine  
  94  7:13  Siege Tank  
  101  7:20  SCV, Supply Depot  
  101  7:21  Armory, SCV  
  101  7:22  SCV, Supply Depot, Refinery  
  104  7:23  Refinery  
  104  7:25  Barracks Reactor x2  
  104  7:26  Barracks Reactor  
  104  7:29  Marine  
  104  7:33  SCV  
  97  7:37  SCV  
  88  7:45  SCV  
  88  7:48  SCV  
  88  7:50  Marine  
  87  7:52  Combat Shield  
  87  7:54  Medivac x2  
  87  7:58  Siege Tank  
  94  7:59  Barracks Reactor  
  94  8:00  SCV  
  94  8:02  SCV  
  94  8:04  Marine  
  94  8:05  Marine x5  
  99  8:08  Marine  
  102  8:17  Terran Infantry Weapons Level 2, Command Center  
  101  8:20  Terran Infantry Armor Level 2  
  101  8:22  Marine x2  
  101  8:23  Marine x4  
  101  8:26  Marine  
  107  8:34  Marine x2  
  107  8:35  Siege Tank  
  107  8:39  Viking  
  107  8:40  Factory, Marine x2  
  116  8:42  SCV x3  
  116  8:47  Supply Depot  
  119  8:52  Supply Depot  
  119  8:53  Supply Depot  
  119  8:54  SCV x2  
  121  8:55  Marine x2  
  121  8:56  Marine x2  
  121  9:00  Terran Vehicle Weapons Level 1  
  125  9:08  Marine x2  
  125  9:09  SCV, Viking, Siege Tank  
  133  9:10  Supply Depot  
  133  9:15  Marine  
  133  9:16  Marine x3  
  137  9:17  Viking  
  137  9:19  SCV x2  
  137  9:22  SCV  
  142  9:31  SCV x2  
  143  9:34  Barracks Reactor  
  143  9:36  Marine x2  
  145  9:40  Marine x2  
  145  9:41  Missile Turret, Viking  
  145  9:42  Missile Turret, Siege Tank  
  145  9:43  Siege Tank  
  155  9:54  Command Center  
  155  9:58  Planetary Fortress  
  153  10:00  Refinery  
  153  10:02  Refinery  
  153  10:04  Starport  
  153  10:05  Starport  
  153  10:07  Marine x2  
  153  10:08  Marine x2  
  153  10:14  Siege Tank  
  139  10:22  SCV  
  139  10:23  SCV  
  139  10:25  Marine x7  
  139  10:26  Siege Tank, Viking  
  137  10:30  SCV  
  137  10:34  SCV  
  135  10:35  SCV  
  135  10:36  SCV  
  137  10:43  SCV  
  137  10:45  Starport  
  137  10:47  SCV  
  137  10:48  SCV  
  140  10:53  Starport  
  140  10:55  SCV  
  140  10:57  Siege Tank, Viking  
  144  10:58  Marine  
  144  10:59  SCV  
  148  11:08  SCV  
  148  11:09  Command Center  
  148  11:11  SCV  
  144  11:18  Marine x4  
  144  11:19  Marine x6  
  144  11:20  Viking  
  144  11:21  Siege Tank  
  144  11:23  Starport Tech Lab  
  144  11:24  SCV x4  
  163  11:31  Viking  
  163  11:32  Sensor Tower  
  167  11:35  Starport Tech Lab  
  167  11:39  Fusion Core  
  165  11:43  Supply Depot x2  
  165  11:45  Supply Depot x2  
  165  11:46  Command Center  
  165  11:48  Command Center  
  165  11:57  Raven x2  
  165  11:59  Viking  
  171  12:02  Missile Turret  
  171  12:05  Viking  
  162  12:27  Siege Tank  
  167  12:36  Marine x2  
Show
View Real Time Build Order
Export as new Build Order

Future Terran - Winner!

Build Orders: Gas First Reaper Expand 

Get SALT Encoding   

  12  0:01  SCV  
  13  0:13  SCV  
  14  0:17  Supply Depot  
  14  0:25  SCV  
  15  0:28  Refinery  
  15  0:38  SCV  
  16  0:45  Barracks  
  16  0:51  SCV  
  17  1:03  SCV  
  18  1:15  SCV  
  19  1:32  Orbital Command, Reaper  
  20  1:46  Command Center  
  20  1:57  SCV  
  21  2:01  Factory  
  21  2:06  Barracks Reactor  
  21  2:10  SCV  
  21  2:14  Supply Depot  
  22  2:20  Refinery  
  22  2:22  SCV  
  23  2:35  SCV  
  24  2:46  Starport  
  24  2:47  SCV  
  24  2:51  Hellion x2  
  29  2:58  Orbital Command  
  29  3:00  SCV  
  30  3:12  Hellion x2  
  33  3:13  SCV  
  33  3:16  Barracks Tech Lab  
  34  3:25  SCV x2  
  36  3:29  Refinery  
  36  3:37  SCV  
  36  3:40  Raven  
  39  3:41  SCV  
  39  3:44  Supply Depot  
  39  3:46  Marine x2  
  39  3:47  Factory Tech Lab  
  42  3:49  SCV  
  42  3:53  SCV  
  44  4:01  SCV  
  45  4:03  Supply Depot, Marine  
  45  4:05  Marine  
  45  4:06  SCV  
  45  4:07  Cyclone  
  51  4:13  SCV  
  52  4:18  SCV  
  54  4:24  Raven  
  54  4:26  SCV  
  54  4:30  SCV  
  59  4:37  Supply Depot  
  59  4:38  SCV  
  60  4:39  Supply Depot, Siege Tank  
  60  4:42  SCV  
  62  4:54  Refinery  
  62  4:55  Command Center  
  62  4:58  SCV x2, Marine x2  
  66  5:06  Supply Depot  
  66  5:10  SCV x2  
  68  5:17  Siege Tank  
  71  5:22  SCV x2, Viking x2  
  71  5:23  Stimpack, Marine  
  78  5:29  Supply Depot  
  78  5:35  SCV x2  
  80  5:41  Marine  
  79  5:47  SCV x2  
  79  5:49  Siege Tank  
  84  5:52  Viking x2  
  84  5:54  Supply Depot  
  86  5:59  SCV x2  
  86  6:00  Marine  
  89  6:09  Orbital Command  
  89  6:11  SCV  
  89  6:12  SCV  
  89  6:14  Barracks  
  89  6:17  Barracks  
  91  6:22  Siege Tank  
  91  6:23  SCV  
  91  6:24  SCV  
  91  6:25  Viking x2  
  96  6:30  Supply Depot  
  96  6:31  Marine  
  97  6:34  SCV  
  97  6:35  SCV  
  97  6:39  SCV  
  100  6:43  Engineering Bay x2  
  100  6:44  Supply Depot  
  100  6:46  SCV  
  101  6:47  SCV  
  101  6:48  Refinery  
  101  6:51  SCV  
  101  6:52  Refinery  
  103  6:56  Siege Tank  
  103  6:58  SCV  
  103  6:59  SCV  
  103  7:00  Viking  
  110  7:03  SCV, Viking  
  113  7:08  Barracks Reactor x2  
  113  7:10  Barracks x2  
  113  7:11  SCV  
  113  7:14  SCV  
  115  7:20  Combat Shield  
  115  7:21  Terran Infantry Weapons Level 1, SCV  
  116  7:22  Terran Infantry Armor Level 1  
  116  7:23  SCV  
  116  7:26  SCV  
  116  7:28  Siege Tank  
  121  7:33  SCV  
  112  7:39  Viking x2  
  103  7:44  SCV  
  103  7:46  Marine  
  103  7:47  Marine x4  
  104  7:52  Barracks  
  104  7:53  Barracks  
  104  7:58  Barracks Reactor x2  
  101  7:59  Command Center  
  101  8:01  Armory  
  101  8:03  Siege Tank  
  101  8:04  Marine x2  
  106  8:08  Factory  
  106  8:09  Medivac x2  
  110  8:13  Marine x3  
  113  8:21  Supply Depot  
  113  8:22  Marine  
  113  8:23  Sensor Tower  
  113  8:26  Marine, Sensor Tower  
  115  8:31  Marine x2  
  118  8:34  Marine  
  118  8:35  Marine x3  
  118  8:39  Supply Depot, Medivac x2  
  129  8:41  Siege Tank  
  129  8:46  Supply Depot x2  
  128  8:54  Factory Tech Lab  
  128  8:59  Supply Depot, Marine  
  129  9:03  Marine x5  
  129  9:05  Barracks Reactor  
  129  9:06  Barracks Reactor  
  129  9:09  Viking x2  
  138  9:11  SCV x2  
  138  9:12  SCV  
  141  9:17  Marine x2  
  141  9:18  Marine  
  141  9:23  Siege Tank  
  147  9:24  Siege Tank, Sensor Tower  
  146  9:32  SCV  
  146  9:34  SCV x2  
  146  9:36  Terran Infantry Weapons Level 2  
  149  9:46  Marine  
  149  9:47  Terran Infantry Armor Level 2  
  149  9:49  Terran Vehicle And Ship Armor Level 1  
  149  9:51  Viking  
  152  9:53  SCV  
  152  9:54  SCV  
  152  9:56  Refinery, Marine  
  152  9:58  Viking  
  153  10:00  Marine, Refinery  
  153  10:01  Marine x4  
  153  10:03  Marine  
  153  10:04  Marine  
  153  10:05  Siege Tank  
  161  10:12  Marine  
  161  10:13  Marine x3  
  161  10:14  Siege Tank  
  168  10:17  Marine  
  169  10:25  Planetary Fortress  
  169  10:26  Marine  
  169  10:27  Marine  
  163  10:32  Marine x2  
  163  10:34  Marine x3  
  157  10:37  Siege Tank, Marine x5  
  157  10:38  Viking x2  
  169  10:45  Supply Depot x2, Marine  
  170  10:51  Marine  
  170  10:52  Liberator, Marine  
  170  10:53  Siege Tank  
  175  10:57  Marine x2  
  175  10:58  Marine x2  
  175  10:59  Liberator  
  175  11:02  Supply Depot, Marine x2  
  175  11:03  Command Center  
  181  11:05  Marine  
  181  11:06  Marine  
  181  11:09  Siege Tank  
  189  11:16  Marine  
  189  11:17  Marine x2  
  183  11:21  Marine  
  183  11:25  Siege Tank  
  185  11:30  Marine  
  185  11:31  Marine x7  
  193  11:35  Starport  
  193  11:36  Starport  
  193  11:39  Starport x2  
  193  11:40  Fusion Core  
  193  11:46  Siege Tank  
  196  11:53  Viking  
  198  11:56  Marine  
  198  11:57  Marine x3  
  200  12:01  Command Center  
  195  12:24  Medivac x2  
  176  12:45  Starport Tech Lab x3  
  176  12:46  Starport Tech Lab  
Tags
 
Add a new tag
Caveats
  • Supply blocks, unpowered buildings, or Contaminate may cause inaccurate times.
  • Supply counts are checked every 10 seconds.